 Dungeon Sprint DCSS version 0.21.1-1-g345015f (webtiles) character file.

4200000 Fang the Axe Maniac (level 21, -39/224 HPs)
             Began as a Minotaur Gladiator on May 16, 2018.
             Was the Champion of Makhleb.
             Annihilated by a destroyer
             ... wielding a +9 great sword of slicing
              (50 damage)
             ... in the Dungeon (Sprint VIII: "Arena of Blood").
             The game lasted 00:01:19 (42 turns).

Fang the Axe Maniac (Minotaur Gladiator)              Turns: 42, Time: 00:01:20

Health: -39/224    AC:  6    Str: 30    XL:     21   Next: 93%
Magic:  20/50      EV: 27    Int:  5    God:    Makhleb [******]
Gold:   0          SH:  0    Dex: 11    Spells: 72/72 levels left

rFire    . . .     SeeInvis .   l - +∞ Axe of Woe
rCold    . . .     Gourm    .   (shield currently unavailable)
rNeg     . . .     Faith    .   b - +0 leather armour
rPois    .         Spirit   .   c - +0 hat
rElec    .         Reflect  .   (no cloak)
rCorr    .         Harm     .   (no gloves)
MR       +....     NoTele   +   (no boots)
Stlth    +++++++++.             (no amulet)
HPRegen  0.47/turn              (no ring)
MPRegen  0.32/turn              (no ring)

@: no status effects
A: retaliatory headbutt, horns 2
a: Minor Destruction, Lesser Servant of Makhleb, Major Destruction, Greater
Servant of Makhleb, Renounce Religion


You were in the Dungeon.
You worshipped Makhleb.
Makhleb was exalted by your worship.
You were not hungry.

You visited 1 branch

Inventory:

Hand Weapons
 a - a +0 war axe
 l - the +∞ Axe of Woe (weapon)
   (You found it in the Dungeon)
Missiles
 d - 3 throwing nets (quivered)
Armour
 b - a +0 leather armour (worn)
 c - a +0 hat (worn)
Scrolls
 k - a scroll of blinking
Potions
 e - a potion of curing
 g - a potion of heal wounds
 h - a potion of haste
 i - 2 potions of magic
 j - a potion of berserk rage
Comestibles
 f - a ration


   Skills:
 O Level 27 Fighting
 O Level 27 Axes
 O Level 27 Throwing
 O Level 27 Armour
 O Level 27 Dodging
 O Level 27 Stealth
 O Level 27 Unarmed Combat
 + Level 26.3 Spellcasting
 O Level 27 Invocations


You had 72 spell levels left.
You didn't know any spells.

Dungeon Overview and Level Annotations

Branches:
Dungeon (1/1)

Altars:
Makhleb


Innate Abilities, Weirdness & Mutations

You reflexively headbutt those who attack you in melee.
You have a pair of horns on your head.


Message History

Unknown command.
The bag of meat shouts!
You slice the bag of meat!!
You slaughter the bag of meat joyfully.
You kill the bag of meat!
Makhleb accepts your kill.
You feel better.
You slice the bag of meat like a ripe choko!!!
You hew the bag of meat savagely.
You kill the bag of meat!
Makhleb accepts your kill.
You feel better.
Your Spellcasting skill increases to level 26!
You hear two shouts!
You hear a shout! x7
An orc, an ogre and a two-headed ogre come into view.
A bag of meat comes into view. It is wielding a +9 war axe.
You hear a shout! x5
The destroyer hits you with a +9 great sword of slicing!!!!!
Ouch! That really hurt!
* * * LOW HITPOINT WARNING * * *
You die...

#... ..# O #...
.§# . ..###...
..###..
......###......
.....§_......
#§§§.)# . .
#§)§)_# ...
....#))).)#.....
....O.V@))......
......###O......
.o###... ..###..
. #... O.# .
#... o.# .....
..o .. ....


Oo.. You could see a destroyer, a large bag of meat (inner flame), a meat
berserker (berserk) and a bag of meat (wandering).

Vanquished Creatures
  12 ogres (D)
  A two-headed ogre (D)
  A hydra (D)
  12 orcs (D)
26 creatures vanquished.

Notes
Turn   | Place    | Note
-------+----------+-------------------------------------------
     0 | D        | Found the +∞ Axe of Woe
     0 | D        | Fang the Minotaur Gladiator began the quest for the Orb.
     0 | D        | Reached XP level 1. HP: 18/18 MP: 0/0
     4 | D        | Became a worshipper of Makhleb the Destroyer
     8 | D        | Noticed a bag of meat
    11 | D        | Noticed a meat berserker
    13 | D        | Noticed a meat berserker
    14 | D        | Noticed a meat berserker
    15 | D        | Killed a meat berserker
    15 | D        | Reached XP level 2. HP: 44/44 MP: 1/1
    15 | D        | Reached XP level 3. HP: 50/50 MP: 2/2
    15 | D        | Reached XP level 4. HP: 58/58 MP: 3/3
    15 | D        | Reached XP level 5. HP: 64/64 MP: 4/4
    15 | D        | Reached XP level 6. HP: 72/72 MP: 5/5
    15 | D        | Reached XP level 7. HP: 79/79 MP: 6/6
    15 | D        | Reached XP level 8. HP: 86/86 MP: 7/7
    15 | D        | Reached XP level 9. HP: 93/93 MP: 8/8
    15 | D        | Reached XP level 10. HP: 101/101 MP: 9/9
    15 | D        | Reached XP level 11. HP: 107/107 MP: 10/10
    15 | D        | Reached XP level 12. HP: 115/115 MP: 11/11
    15 | D        | Reached XP level 13. HP: 122/122 MP: 12/12
    15 | D        | Killed a meat berserker
    15 | D        | Reached * piety under Makhleb
    15 | D        | Reached skill level 15 in Fighting
    15 | D        | Reached skill level 27 in Axes
    15 | D        | Reached XP level 14. HP: 136/136 MP: 13/13
    15 | D        | Killed a bag of meat
    16 | D        | Noticed a bag of meat
    16 | D        | Noticed a meat berserker
    16 | D        | Noticed a bag of meat
    17 | D        | Noticed a meat berserker
    17 | D        | Noticed a meat berserker
    18 | D        | Noticed a meat berserker
    18 | D        | Killed a meat berserker
    18 | D        | Reached skill level 27 in Dodging
    18 | D        | Reached XP level 15. HP: 162/162 MP: 14/14
    20 | D        | Noticed a meat berserker
    20 | D        | Killed a meat berserker
    20 | D        | Reached ** piety under Makhleb
    20 | D        | Reached XP level 16. HP: 166/180 MP: 15/15
    22 | D        | Noticed a meat berserker
    23 | D        | Reached skill level 27 in Fighting
    23 | D        | Killed a meat berserker
    23 | D        | Reached skill level 27 in Throwing
    23 | D        | Reached XP level 17. HP: 118/191 MP: 16/16
    23 | D        | Killed a meat berserker
    23 | D        | Reached *** piety under Makhleb
    24 | D        | Noticed a meat berserker
    24 | D        | Killed a meat berserker
    24 | D        | Reached skill level 27 in Armour
    24 | D        | Reached XP level 18. HP: 200/200 MP: 17/17
    26 | D        | Killed a meat berserker
    26 | D        | Reached skill level 15 in Unarmed Combat
    26 | D        | Reached skill level 10 in Spellcasting
    27 | D        | Noticed a large bag of meat
    28 | D        | Noticed a meat berserker
    28 | D        | Killed a meat berserker
    28 | D        | Reached **** piety under Makhleb
    28 | D        | Reached skill level 15 in Stealth
    28 | D        | Reached XP level 19. HP: 207/207 MP: 17/34
    28 | D        | Killed a meat berserker
    28 | D        | Reached skill level 15 in Spellcasting
    29 | D        | Noticed a large bag of meat
    30 | D        | Killed a meat berserker
    30 | D        | Reached XP level 20. HP: 216/216 MP: 17/39
    32 | D        | Reached ***** piety under Makhleb
    32 | D        | Killed a large bag of meat
    33 | D        | Noticed a meat berserker
    33 | D        | Reached skill level 27 in Unarmed Combat
    35 | D        | Noticed a large bag of meat
    35 | D        | Noticed an eight-headed meat hydra
    36 | D        | Noticed a large bag of meat
    36 | D        | Reached XP level 21. HP: 181/224 MP: 19/43
    36 | D        | Reached skill level 27 in Invocations
    37 | D        | Reached ****** piety under Makhleb
    37 | D        | Reached skill level 27 in Stealth
    37 | D        | Noticed a destroyer
    42 | D        | Noticed a large bag of meat
    42 | D        | HP: 11/224 [destroyer/+9 great sword of slicing (213)]
    42 | D        | Annihilated by a destroyer

Skill      XL: |  1  2  3  4  5  6  7  8  9 10 11 12 13 14 15 16 17 18 19 20 21 |
---------------+----------------------------------------------------------------+-----
Fighting       | 13 15 22 26 27 | 27.0
Axes           | 23 27 | 27.0
Throwing       | 11 13 19 22 27 | 27.0
Dodging        | 21 24 27 | 27.0
Armour         | 7 17 27 | 27.0
Stealth        | 15 20 24 27 | 27.0
Unarmed Combat | 18 23 27 | 27.0
Spellcasting   | 12 16 19 26 | 26.3
Invocations    | 17 21 26 27 | 27.0

Action                   |  1- 3 |  4- 6 |  7- 9 | 10-12 | 13-15 | 16-18 | 19-21 || total
-------------------------+-------+-------+-------+-------+-------+-------+-------++-------
Melee: Executioner's axe |     1 |       |       |       |     2 |     4 |     8 ||    15
Dodge: Dodged            |       |       |       |       |       |     1 |     2 ||     3
